[Event "Titled Tuesday Blitz December 06 Late 2022"]
[White "Barria Zuniga, Daniel"]
[Black "Ismayil, Malak"]
[WhiteFideId "3400816"]
[BlackFideId "13412604"]
[WhiteElo "2414"]
[BlackElo "1880"]
[Result "1-0"]
[Round "05"]
[TimeControl "180+1"]
[Date "2022.12.07"]
[WhiteClock "0:01:16"]
[BlackClock "0:00:02"]

1. d4 Nf6 2. c4 g6 3. Nc3 Bg7 4. e4 O-O 5. Be2 d6 6. Nf3 Nc6 7. d5 Nb8 8. O-O Bg4 9. Bg5 Nbd7 10. Qd2 Bxf3 11. Bxf3 e5 12. Be2 Qe8 13. b4 a5 14. a3 Kh8 15. Be3 Qe7 16. Rfc1 Ng8 17. c5 f5 18. f3 Ngf6 19. c6 bxc6 20. dxc6 Nb8 21. b5 fxe4 22. fxe4 Rd8 23. Rab1 d5 24. Nxd5 Nxe4 25. Nxe7 Nxd2 26. Bxd2 Rxd2 27. Bf3 Bf8 28. Nd5 Bd6 29. b6 Na6 30. Nxc7 Nxc7 31. bxc7 Bxc7 32. Rb7 Rc8 33. Bg4 Rdd8 34. Bxc8 Rxc8 35. Rd1 e4 36. Rd7 Bf4 37. c7 Be3+ 38. Kf1 Bf4 39. Rd8+ 1-0


[Site "https://www.chess.com"]

[Event "Titled Tuesday Blitz December 06 Late 2022"]
[White "Bas Mas, Jose Joaquin"]
[Black "Calcada, Lucas Galvan"]
[WhiteFideId "22219064"]
[BlackFideId "22746099"]
[WhiteElo "2233"]
[BlackElo "1523"]
[Result "1-0"]
[Round "05"]
[TimeControl "180+1"]
[Date "2022.12.07"]
[WhiteClock "0:01:16"]
[BlackClock "0:00:02"]

1. e4 c5 2. Nc3 Nc6 3. Bb5 Qc7 4. Bxc6 dxc6 5. d3 e5 6. Nge2 Be7 7. O-O Nf6 8. a4 Nd7 9. f4 Bf6 10. f5 O-O 11. g4 Qd8 12. Be3 Bg5 13. Qd2 h6 14. Bxg5 Qxg5 15. Qxg5 hxg5 16. Nd1 f6 17. Ne3 b6 18. c3 Rd8 19. Rfd1 Ba6 20. Kf2 Nf8 21. Nc1 Rd7 22. c4 Rad8 23. a5 b5 24. b3 b4 25. Ra2 Kf7 26. Kg3 Rd6 27. Rad2 Nh7 28. Ne2 R6d7 29. Ng1 Rd6 30. Nf3 R6d7 31. Nc2 Rd6 32. Nce1 R6d7 33. Rg2 Rd6 34. Rdd2 Bc8 35. Rdf2 a6 36. Rf1 R8d7 37. Rh1 Rd8 38. h4 gxh4+ 39. Rxh4 Nf8 40. Rgh2 R8d7 41. Rh8 Rd8 42. Rh1 Bb7 43. g5 Bc8 44. g6+ Ke8 45. Rg8 R6d7 46. Rhh8 Ke7 47. Rxg7+ Kd6 48. Rxd7+ Bxd7 49. g7 1-0


[Site "https://www.chess.com"]

[Event "Titled Tuesday Blitz December 06 Late 2022"]
[White "Baskakov, Egor"]
[Black "Gutkin, Ilya"]
[WhiteFideId "24197866"]
[BlackFideId "16203470"]
[WhiteElo "2212"]
[BlackElo "2265"]
[Result "1-0"]
[Round "05"]
[TimeControl "180+1"]
[Date "2022.12.07"]
[WhiteClock "0:00:23"]
[BlackClock "0:00:03"]

1. e4 e6 2. Nc3 d5 3. g3 Nf6 4. Bg2 b6 5. exd5 exd5 6. Nge2 Bb7 7. O-O Be7 8. Nf4 O-O 9. d4 c6 10. Re1 Re8 11. Nd3 Nbd7 12. Ne5 h6 13. Bf4 Nf8 14. Qd3 Ne6 15. Bd2 Bf8 16. a4 a5 17. Be3 Qd6 18. Ra3 c5 19. Nb5 Qb8 20. c3 c4 21. Qd2 Bxa3 22. bxa3 Ne4 23. Qd1 Ba6 24. Bxe4 dxe4 25. Qg4 Bxb5 26. axb5 f6 27. Nc6 Qc7 28. Qxe4 Ng5 29. Qd5+ Qf7 30. Qxf7+ Kxf7 31. Kg2 Ne4 32. Rc1 Nd6 33. a4 g5 34. g4 Ne4 35. d5 f5 36. gxf5 Nf6 37. Rd1 Ne4 38. Bd4 Red8 39. f3 Nc5 40. Bxc5 bxc5 41. d6 Rd7 42. Ne5+ Ke8 43. Nxd7 Kxd7 44. f6 Rf8 45. Rd5 Rxf6 46. Rxc5 Rf4 47. Rc6 Rf5 48. Rxc4 Kxd6 49. Rc6+ Kd7 50. Rxh6 Rc5 51. Ra6 Rxc3 52. Rxa5 Rd3 53. b6 Rd6 54. Rb5 Kc8 55. a5 Kb8 56. Rxg5 Rd2+ 57. Kg3 Ra2 58. h4 Rc2 59. h5 Rc1 60. h6 Rg1+ 61. Kf4 Rh1 62. Rg6 Kb7 63. Kf5 Ka6 64. f4 Kb7 65. Kf6 Ka6 66. f5 Kb7 67. Rg7+ Ka6 68. h7 Kxa5 69. b7 1-0


[Site "https://www.chess.com"]

[Event "Titled Tuesday Blitz December 06 Late 2022"]
[White "Battlecruiser_Operational"]
[Black "Urbina Perez, Juan Antonio"]
[BlackFideId "2217368"]
[WhiteElo "2281"]
[BlackElo "2197"]
[Result "1-0"]
[Round "05"]
[TimeControl "180+1"]
[Date "2022.12.07"]
[WhiteClock "0:00:01"]
[BlackClock "0:00:11"]

1. d4 d5 2. c4 c6 3. Nc3 Nf6 4. e3 a6 5. Qc2 g6 6. Bd3 Bg7 7. b3 O-O 8. Nf3 b5 9. O-O Bb7 10. Ne5 Nbd7 11. f4 e6 12. c5 a5 13. a3 Nxe5 14. dxe5 Nd7 15. Ne2 Qe7 16. Bd2 Qxc5 17. Qb2 Qb6 18. Kh1 c5 19. b4 axb4 20. axb4 c4 21. Bc2 f6 22. exf6 Bxf6 23. Nd4 e5 24. fxe5 Bxe5 25. Bc3 Rxa1 26. Qxa1 Rxf1+ 27. Qxf1 Bg7 28. h3 Qd6 29. Qa1 Qa6 30. Qd1 Nf8 31. Qg4 Bc8 32. Qf4 Ne6 33. Qb8 Nxd4 34. Bxd4 Bxd4 35. exd4 Qc6 36. h4 Qd7 37. Qe5 Qe6 38. Qc7 Qe1+ 39. Kh2 Qxh4+ 40. Kg1 Qe1+ 41. Kh2 Qe6 42. Qd8+ Kg7 43. Qc7+ Qd7 44. Qe5+ Kf7 45. Bd1 Qe6 46. Qc7+ Kf6 47. Bf3 Kg5 48. Qc5 Qf5 49. Bxd5 Qf4+ 50. g3 Qd2+ 51. Bg2+ Bf5 52. Qe7+ Kh6 53. Qf8+ Kh5 54. Qe7 1-0


[Site "https://www.chess.com"]

[Event "Titled Tuesday Blitz December 06 Late 2022"]
[White "Bogaudinov, Rushan"]
[Black "Lewicki, Miroslaw"]
[WhiteFideId "4129288"]
[BlackFideId "1113380"]
[WhiteElo "2028"]
[BlackElo "2191"]
[Result "0-1"]
[Round "05"]
[TimeControl "180+1"]
[Date "2022.12.07"]
[WhiteClock "0:00:07"]
[BlackClock "0:00:23"]

1. d4 b6 2. Nf3 Bb7 3. g3 g6 4. Bg2 Bg7 5. O-O Nf6 6. Re1 O-O 7. c4 d6 8. Nc3 Nbd7 9. Bf4 Re8 10. Qd2 e5 11. dxe5 dxe5 12. Bh6 e4 13. Bxg7 Kxg7 14. Nd4 Ne5 15. Rad1 Nxc4 16. Qc1 Nd6 17. Ncb5 Nd5 18. h4 c5 19. Nxd6 Qxd6 20. Nc2 Qf6 21. Ne3 Nxe3 22. Qxe3 Qxb2 23. Rd7 Bc6 24. Rc7 Qf6 25. Rd1 Re7 26. Rxe7 Qxe7 27. f3 Rd8 28. Rxd8 Qxd8 29. fxe4 Qd1+ 30. Kf2 Qa1 31. a3 Bb5 32. h5 Qd4 33. Qxd4+ cxd4 34. hxg6 Kxg6 35. Bh3 Kf6 36. Bf5 h6 37. e3 d3 38. Ke1 Ke5 39. Kd2 Bc4 40. Bh7 b5 41. Kc3 a5 42. Bf5 b4+ 43. axb4 axb4+ 44. Kd2 h5 45. Bh3 b3 46. Bg2 b2 0-1


[Site "https://www.chess.com"]

[Event "Titled Tuesday Blitz December 06 Late 2022"]
[White "Bok, Benjamin"]
[Black "Jaracz, Pawel"]
[WhiteFideId "1017063"]
[BlackFideId "1102222"]
[WhiteElo "2658"]
[BlackElo "2460"]
[Result "1-0"]
[Round "05"]
[TimeControl "180+1"]
[Date "2022.12.06"]
[WhiteClock "0:00:40"]
[BlackClock "0:00:20"]

1. d4 Nf6 2. c4 e6 3. Nc3 Bb4 4. Qc2 c5 5. dxc5 O-O 6. a3 Bxc5 7. Nf3 b6 8. Bf4 Bb7 9. Rd1 Be7 10. e4 Nh5 11. Be3 d6 12. e5 Bxf3 13. gxf3 Nd7 14. f4 dxe5 15. Qa4 exf4 16. Rxd7 Qe8 17. Bc1 Bc5 18. Bg2 Rd8 19. Rb7 Qxa4 20. Nxa4 Bd4 21. Bf3 Nf6 22. Bxf4 Rc8 23. b3 e5 24. Be3 Bxe3 25. fxe3 e4 26. Be2 b5 27. Rxb5 Rcd8 28. Nc3 Rfe8 29. Nd5 Nd7 30. Kf2 Ne5 31. Rd1 Rc8 32. Rb7 Kf8 33. Rxa7 Rc6 34. h4 Rh6 35. h5 g6 36. Nf6 Re6 37. Rd8+ Kg7 38. Ne8+ 1-0


[Site "https://www.chess.com"]

[Event "Titled Tuesday Blitz December 06 Late 2022"]
[White "Boyer, Mahel"]
[Black "Melkumyan, Hrant"]
[WhiteFideId "45102422"]
[BlackFideId "13302485"]
[WhiteElo "2455"]
[BlackElo "2604"]
[Result "0-1"]
[Round "05"]
[TimeControl "180+1"]
[Date "2022.12.06"]
[WhiteClock "0:00:01"]
[BlackClock "0:00:57"]

1. e4 c5 2. d3 Nc6 3. g3 d5 4. exd5 Qxd5 5. Nf3 Bg4 6. Bg2 e6 7. h3 Bh5 8. O-O Qd7 9. Nbd2 Nf6 10. Nc4 Bd6 11. Nxd6+ Qxd6 12. Bf4 e5 13. Nxe5 Bxd1 14. Nxc6 Qd7 15. Re1+ Kf8 16. Ne5 Qb5 17. Raxd1 h6 18. Nc4 Re8 19. Rxe8+ Qxe8 20. Bxb7 Qe2 21. Rd2 Qe1+ 22. Kg2 Kg8 23. Bf3 Kh7 24. Re2 Qb1 25. Re7 Re8 26. Rxf7 Re1 27. Kh2 Rf1 28. Be3 Qe1 29. Bg2 Rxf2 30. Bxf2 Qxf2 31. Re7 h5 32. Re3 h4 33. gxh4 Nd5 34. Rf3 Qxc2 35. Ne5 Qxb2 36. Kg1 Qxe5 37. Rf2 Nf4 38. Be4+ g6 39. Rf3 c4 40. h5 Qg5+ 41. Kf2 c3 42. hxg6+ Kg7 43. Ke3 c2 44. Kd2 Qg2+ 45. Kc1 Ne2+ 46. Kb2 c1=Q+ 47. Kb3 Nd4+ 48. Ka4 Qxa2+ 49. Kb4 a5# 0-1


[Site "https://www.chess.com"]

[Event "Titled Tuesday Blitz December 06 Late 2022"]
[White "Chigaev, Maksim"]
[Black "Rendle, Thomas E"]
[WhiteFideId "4108116"]
[BlackFideId "408760"]
[WhiteElo "2542"]
[BlackElo "2428"]
[Result "1-0"]
[Round "05"]
[TimeControl "180+1"]
[Date "2022.12.06"]
[WhiteClock "0:00:38"]
[BlackClock "0:00:08"]

1. Nf3 d6 2. e4 c5 3. c3 Nf6 4. g3 g6 5. Bg2 Bg7 6. O-O O-O 7. Re1 Nc6 8. a4 Bg4 9. h3 Bxf3 10. Bxf3 Nd7 11. d3 a6 12. Be3 Rb8 13. h4 b5 14. axb5 axb5 15. h5 b4 16. h6 Bh8 17. d4 bxc3 18. bxc3 cxd4 19. cxd4 e5 20. d5 Nd4 21. Nd2 Nc5 22. Nc4 Rb4 23. Na5 Rb2 24. Nc6 Qf6 25. Bxd4 exd4 26. Qxd4 Re8 27. e5 dxe5 28. Qxc5 Rb7 29. Bg2 Qg5 30. d6 Rd7 31. Ne7+ Kf8 32. Bc6 Red8 33. Bxd7 1-0


[Site "https://www.chess.com"]

[Event "Titled Tuesday Blitz December 06 Late 2022"]
[White "Clawitter, Craig"]
[Black "Alimpic, Aleksa"]
[WhiteFideId "2023105"]
[BlackFideId "974323"]
[WhiteElo "2186"]
[BlackElo "2283"]
[Result "0-1"]
[Round "05"]
[TimeControl "180+1"]
[Date "2022.12.07"]
[WhiteClock "0:00:02"]
[BlackClock "0:00:02"]

1. e4 g6 2. d4 Bg7 3. Nc3 a6 4. Be3 b5 5. Bd3 Bb7 6. Nf3 d6 7. Qd2 Nd7 8. a4 c6 9. O-O Ngf6 10. Bh6 O-O 11. h3 e5 12. Rad1 Re8 13. Bxg7 Kxg7 14. Rfe1 exd4 15. Nxd4 Ne5 16. f4 Nxd3 17. cxd3 b4 18. Nce2 c5 19. Nc2 d5 20. e5 Nd7 21. d4 Qb6 22. Kh2 Rac8 23. dxc5 Nxc5 24. Ncd4 Ne4 25. Qe3 Kg8 26. Ng3 Rc4 27. Nxe4 dxe4 28. f5 Rxe5 29. a5 Qc7 30. Qg3 Re8 31. Qxc7 Rxc7 32. Nb3 gxf5 33. Kg3 e3 34. Kf4 Rc2 35. Rxe3 Rxe3 36. Kxe3 Rxb2 37. Nc5 Bxg2 38. Rg1 Kf8 39. Nd7+ Ke7 40. Ne5 Be4 41. Nc4 Rb3+ 42. Kd4 Rd3+ 43. Kc5 b3 0-1


[Site "https://www.chess.com"]

[Event "Titled Tuesday Blitz December 06 Late 2022"]
[White "Corrales Jimenez, Fidel"]
[Black "Domingo Nunez, Ruben"]
[WhiteFideId "3506690"]
[BlackFideId "22245570"]
[WhiteElo "2541"]
[BlackElo "2406"]
[Result "0-1"]
[Round "05"]
[TimeControl "180+1"]
[Date "2022.12.06"]
[WhiteClock "0:00:04"]
[BlackClock "0:00:06"]

1. e4 c6 2. d4 g6 3. c4 Bg7 4. Nc3 d6 5. f4 a6 6. Nf3 b5 7. Be3 Nh6 8. h3 bxc4 9. Bxc4 Nd7 10. O-O d5 11. Bb3 Nf6 12. e5 Nh5 13. g4 Ng3 14. Rf2 f5 15. Rg2 fxg4 16. hxg4 Nxg4 17. Bc1 Nh5 18. Ba4 Qd7 19. Ng5 Nh6 20. Qb3 O-O 21. Qb6 Bb7 22. Nxd5 Kh8 23. Nc3 Nxf4 24. Bxf4 Rxf4 25. Nce4 Raf8 26. Bb3 c5 27. d5 Bxe5 28. Rd1 Bc8 29. Qe6 Qc7 30. d6 exd6 31. Qd5 Bb7 32. Qe6 Bxe4 33. Nxe4 Rxe4 34. Rf2 Rxf2 35. Kxf2 Bd4+ 36. Rxd4 Rxe6 37. Bxe6 cxd4 0-1


[Site "https://www.chess.com"]

[Event "Titled Tuesday Blitz December 06 Late 2022"]
[White "Cuevas Araya, Walter"]
[Black "Przybylski, Wojciech"]
[WhiteFideId "3405028"]
[BlackFideId "1117599"]
[WhiteElo "1957"]
[BlackElo "2217"]
[Result "0-1"]
[Round "05"]
[TimeControl "180+1"]
[Date "2022.12.07"]
[WhiteClock "0:00:40"]
[BlackClock "0:00:29"]

1. e4 e5 2. d4 exd4 3. c3 d5 4. exd5 Qxd5 5. cxd4 Nc6 6. Nf3 Bg4 7. Be2 O-O-O 8. Nc3 Qh5 9. Be3 Nf6 10. O-O Bd6 11. h3 Bxh3 12. gxh3 Qxh3 13. Qc1 g5 14. Nxg5 Rhg8 15. f4 Rxg5+ 16. Kf2 Rg2+ 17. Ke1 Re8 18. Rf3 Qg4 19. Rf2 Qg3 20. Nd1 Ne4 21. Bf3 Bb4+ 22. Ke2 Nxd4+ 23. Kd3 Nxf2+ 24. Nxf2 Qxf3 25. Kxd4 Rxf2 26. Bxf2 Qe4# 0-1


[Site "https://www.chess.com"]

[Event "Titled Tuesday Blitz December 06 Late 2022"]
[White "D`Arruda, Ricardo D."]
[Black "Aghasiyev, Kamal"]
[WhiteFideId "100692"]
[BlackFideId "13402854"]
[WhiteElo "2463"]
[BlackElo "2341"]
[Result "1/2-1/2"]
[Round "05"]
[TimeControl "180+1"]
[Date "2022.12.07"]
[WhiteClock "0:00:24"]
[BlackClock "0:00:14"]

1. d4 Nf6 2. Nf3 e6 3. c4 d5 4. Nc3 Be7 5. Bg5 Nbd7 6. e3 h6 7. Bh4 O-O 8. Bd3 c5 9. O-O b6 10. cxd5 Nxd5 11. Bxe7 Nxe7 12. Ne4 Bb7 13. dxc5 Nxc5 14. Nxc5 bxc5 15. Be2 Qb6 16. Qc2 Rac8 17. Ne5 Qc7 18. Nc4 Nd5 19. a3 Rfd8 20. Rfd1 Nb6 21. Rxd8+ Rxd8 22. Rd1 Rxd1+ 23. Qxd1 Bd5 24. Qc2 Nxc4 25. Bxc4 Qb7 26. Bxd5 Qxd5 27. h3 c4 28. Kf1 f5 29. Ke2 Kh7 30. g4 h5 31. gxf5 exf5 32. Qc3 Qe4 33. Qd4 Qxd4 34. exd4 h4 35. Ke3 g5 36. d5 Kg6 37. f4 g4 38. hxg4 fxg4 39. d6 Kf7 40. f5 a5 41. Kf4 g3 42. Kf3 a4 43. Kg2 Kf6 44. Kh3 Kf7 45. Kg2 Kf6 46. Kh3 Kf7 47. Kg2 1/2-1/2


[Site "https://www.chess.com"]

[Event "Titled Tuesday Blitz December 06 Late 2022"]
[White "Da Silva Junior, Sediney Mari"]
[Black "Renjith, Sravan"]
[WhiteFideId "2132079"]
[BlackFideId "4306783"]
[WhiteElo "1996"]
[BlackElo "2072"]
[Result "1-0"]
[Round "05"]
[TimeControl "180+1"]
[Date "2022.12.07"]
[WhiteClock "0:00:51"]
[BlackClock "0:00:15"]

1. e4 e5 2. Nc3 Nf6 3. f4 d5 4. fxe5 Nxe4 5. d3 Nxc3 6. bxc3 d4 7. Nf3 c5 8. Be2 Nc6 9. cxd4 Nxd4 10. O-O Nxf3+ 11. Bxf3 Qd4+ 12. Kh1 Qxa1 13. Bd5 Be7 14. Bxf7+ Kd8 15. Qe2 Qd4 16. e6 Qd5 17. Bb2 b6 18. Bxg7 Re8 19. c4 Qc6 20. Qe5 Bb7 21. Qg3 Bd6 22. Bxe8 Kxe8 23. Qh3 Be7 24. Bf6 Qd6 25. Bxe7 Qxe7 26. Qh5+ Kd8 27. Rf7 Qxe6 28. Qg5+ Kc8 29. Qg8+ 1-0


[Site "https://www.chess.com"]

[Event "Titled Tuesday Blitz December 06 Late 2022"]
[White "Danielyan, Vahe"]
[Black "Pein, Jonathan"]
[WhiteFideId "13304828"]
[BlackFideId "417092"]
[WhiteElo "2423"]
[BlackElo "2225"]
[Result "1/2-1/2"]
[Round "05"]
[TimeControl "180+1"]
[Date "2022.12.07"]
[WhiteClock "0:01:27"]
[BlackClock "0:00:07"]

1. d4 Nf6 2. c4 g6 3. Nc3 Bg7 4. e4 O-O 5. Nf3 d6 6. Be2 e5 7. O-O exd4 8. Nxd4 Re8 9. f3 Nh5 10. Be3 f5 11. Qd2 f4 12. Bf2 Be5 13. Rfd1 c6 14. Rac1 Na6 15. a3 Nc5 16. b4 Ne6 17. c5 dxc5 18. Nxe6 Bxe6 19. Bxc5 b6 20. Bd4 Qf6 21. Bxe5 Qxe5 22. Qd6 Qg5 23. e5 Bh3 24. Bc4+ Kh8 25. Rd2 Rxe5 26. Ne4 Rxe4 27. fxe4 f3 28. Qd4+ Ng7 29. Rf1 Bxg2 30. Rff2 b5 31. Bb3 Bh3+ 32. Kh1 Bg2+ 33. Rxg2 fxg2+ 34. Rxg2 Qc1+ 35. Rg1 Qf4 36. Rd1 Qf3+ 37. Kg1 Rf8 38. Qd3 Qg4+ 39. Kh1 Nh5 40. Qc3+ Ng7 41. Qd3 h5 42. Rg1 Qf3+ 43. Qxf3 Rxf3 44. Bf7 Rxf7 45. Rxg6 Rf1+ 46. Kg2 Rc1 47. e5 Kg8 48. e6 Re1 49. Kf2 Rxe6 50. Rg5 Kf7 51. a4 bxa4 52. Ra5 Kf6 53. Rxa7 Nf5 54. Rxa4 Nd6 55. Ra5 Nb5 56. Ra8 Kg5 57. Rg8+ Rg6 58. Rc8 Rf6+ 59. Kg3 h4+ 60. Kh3 Rf3+ 61. Kg2 Rc3 62. Rg8+ Kf5 63. Rh8 h3+ 64. Rxh3 Rxh3 65. Kxh3 Nd6 66. Kg3 Ne4+ 67. Kf3 Nc3 68. Ke3 Nd5+ 69. Kd4 Nxb4 70. Kc5 Nd3+ 71. Kxc6 Nf4 72. h3 Nxh3 1/2-1/2


[Site "https://www.chess.com"]

[Event "Titled Tuesday Blitz December 06 Late 2022"]
[White "Droin, Augustin"]
[Black "Weisz, Bryan"]
[WhiteFideId "45105987"]
[BlackFideId "30934133"]
[WhiteElo "2316"]
[BlackElo "2304"]
[Result "1-0"]
[Round "05"]
[TimeControl "180+1"]
[Date "2022.12.07"]
[WhiteClock "0:00:26"]
[BlackClock "0:00:04"]

1. e4 e5 2. Nf3 f6 3. Nxe5 Qe7 4. Nf3 d5 5. d3 dxe4 6. dxe4 Qxe4+ 7. Be2 Bf5 8. O-O Qxc2 9. Qe1 Ne7 10. Nc3 Nbc6 11. Bf4 O-O-O 12. Rc1 Qxb2 13. Bc4 Ng6 14. Be3 Nge5 15. Nxe5 Nxe5 16. Na4 Qa3 17. Qa5 b6 18. Qxa7 Nxc4 19. Rxc4 Kd7 20. Qxc7+ Ke8 21. Bxb6 Qd6 22. Qxd8+ Qxd8 23. Bxd8 Kxd8 24. Rd1+ Ke7 25. Nc5 Kf7 26. a4 Be7 27. Nb7 Rb8 28. Rc7 Be4 29. Nd6+ Ke6 30. Nxe4 1-0


[Site "https://www.chess.com"]

[Event "Titled Tuesday Blitz December 06 Late 2022"]
[White "Drozdowski, Kacper"]
[Black "Ehlvest, Jaan"]
[WhiteFideId "1136720"]
[BlackFideId "4500016"]
[WhiteElo "2486"]
[BlackElo "2430"]
[Result "1-0"]
[Round "05"]
[TimeControl "180+1"]
[Date "2022.12.06"]
[WhiteClock "0:00:06"]
[BlackClock "0:00:02"]

1. e4 c5 2. Nf3 e6 3. d4 cxd4 4. Nxd4 Nf6 5. Nc3 Nc6 6. Nxc6 bxc6 7. e5 Nd5 8. Ne4 Bb7 9. Bd3 c5 10. O-O Qc7 11. Re1 c4 12. Bf1 Rc8 13. Qd4 Qb6 14. Qxb6 axb6 15. c3 b5 16. a4 b4 17. a5 Ba6 18. Bg5 h6 19. Bd2 f5 20. exf6 gxf6 21. cxb4 f5 22. Nc5 Bxc5 23. bxc5 Rxc5 24. b4 Rc6 25. Reb1 Bb5 26. a6 Rxa6 27. Rxa6 Bxa6 28. b5 c3 29. bxa6 cxd2 30. Rd1 Ke7 31. Rxd2 Rb8 32. Ra2 Ra8 33. g3 Ra7 34. Ra4 Nc7 35. f4 d5 36. Kf2 Kd6 37. Ke3 Kc5 38. Ra1 d4+ 39. Kd2 Nd5 40. Rb1 Nb4 41. Rc1+ Kd5 42. Ra1 Kc5 43. Ra5+ Kc6 44. Ra4 Kc5 45. Be2 Nd5 46. h3 Nc3 47. Ra5+ Kb6 48. Re5 1-0


[Site "https://www.chess.com"]

[Event "Titled Tuesday Blitz December 06 Late 2022"]
[White "Dzierzak, Radoslaw"]
[Black "Womacka, Mathias"]
[WhiteFideId "1161407"]
[BlackFideId "4611390"]
[WhiteElo "2111"]
[BlackElo "2377"]
[Result "0-1"]
[Round "05"]
[TimeControl "180+1"]
[Date "2022.12.07"]
[WhiteClock "0:00:04"]
[BlackClock "0:00:19"]

1. e4 c5 2. Nf3 d6 3. d4 cxd4 4. Nxd4 Nf6 5. Nc3 a6 6. g3 e5 7. Nde2 Nbd7 8. Bg2 b5 9. O-O Bb7 10. h3 Be7 11. g4 Nc5 12. Ng3 O-O 13. Qe2 Rc8 14. Bg5 b4 15. Bxf6 Bxf6 16. Nd5 Bxd5 17. exd5 e4 18. Nxe4 Bxb2 19. Rab1 Nxe4 20. Bxe4 Qf6 21. Qxa6 Bc3 22. Qd3 Ra8 23. Bxh7+ Kh8 24. Be4 Rxa2 25. Qg3 g6 26. g5 Qd4 27. Rbd1 Qxe4 28. Rd3 Kg7 29. Re3 Qf5 30. Qxd6 Qxg5+ 31. Rg3 Qe5 32. Qc5 Rxc2 33. Qc4 Rd8 34. Qd3 Rd2 35. Qf3 Qxd5 36. Qf4 Be5 0-1


[Site "https://www.chess.com"]

[Event "Titled Tuesday Blitz December 06 Late 2022"]
[White "Eljanov, Pavel"]
[Black "Postnikov, Daniil"]
[WhiteFideId "14102951"]
[BlackFideId "4166329"]
[WhiteElo "2598"]
[BlackElo "2261"]
[Result "1-0"]
[Round "05"]
[TimeControl "180+1"]
[Date "2022.12.06"]
[WhiteClock "0:00:25"]
[BlackClock "0:00:03"]

1. e4 e6 2. d4 d5 3. Nc3 Nf6 4. Bg5 Bb4 5. e5 h6 6. Bd2 Bxc3 7. bxc3 Ne4 8. Bc1 Nxc3 9. Qg4 g6 10. Bd3 c5 11. dxc5 Nc6 12. Nf3 Qa5 13. O-O Qxc5 14. a4 Qb4 15. Qg3 Ne4 16. Qh4 g5 17. Nxg5 Nxg5 18. Bxg5 Qxh4 19. Bxh4 Nb4 20. Bf6 Rg8 21. Bh7 Rg4 22. f4 Bd7 23. Rab1 a5 24. c3 Na6 25. Rf3 Nc5 26. h3 Rg6 27. Bxg6 fxg6 28. Rg3 Kf7 29. c4 Bc6 30. cxd5 Bxd5 31. Rc3 Na6 32. Rb6 g5 33. fxg5 hxg5 34. Bxg5 Kg6 35. h4 Rf8 36. Rg3 Rc8 37. Bd2+ Kf5 38. h5 Rc2 39. h6 Rc7 40. Rb1 Rh7 41. Rf1+ Kxe5 42. Rg7 Rh8 43. Bc3+ Ke4 44. Rg4+ 1-0


[Site "https://www.chess.com"]

[Event "Titled Tuesday Blitz December 06 Late 2022"]
[White "Erdogmus, Yagiz Kaan"]
[Black "Santos Flores, Alberto"]
[WhiteFideId "44599790"]
[BlackFideId "3601234"]
[WhiteElo "2353"]
[BlackElo "2235"]
[Result "1-0"]
[Round "05"]
[TimeControl "180+1"]
[Date "2022.12.07"]
[WhiteClock "0:00:18"]
[BlackClock "0:00:16"]

1. d4 d5 2. c4 c6 3. Nf3 Nf6 4. Nc3 dxc4 5. Bg5 b5 6. Bxf6 exf6 7. a4 Bb4 8. g3 O-O 9. Bg2 Bb7 10. O-O a6 11. Nh4 Qc7 12. e3 Nd7 13. Ne4 c5 14. d5 Nb6 15. d6 Qd7 16. a5 Na4 17. Nxf6+ gxf6 18. Bxb7 Qxb7 19. Qg4+ Kh8 20. Qf4 Rg8 21. Qxf6+ Rg7 22. Nf5 Rg8 23. Nxg7 Rxg7 24. d7 Qxd7 25. Rad1 Bd2 26. Qxa6 Nxb2 27. Rxd2 Qxd2 28. Qxb5 c3 29. a6 Qd3 30. Qb8+ Rg8 31. Qe5+ Rg7 32. a7 Nc4 33. a8=Q+ 1-0


[Site "https://www.chess.com"]

[Event "Titled Tuesday Blitz December 06 Late 2022"]
[White "Ezat, Mohamed"]
[Black "Vykouk, Jan"]
[WhiteFideId "10600906"]
[BlackFideId "349658"]
[WhiteElo "2388"]
[BlackElo "2378"]
[Result "1-0"]
[Round "05"]
[TimeControl "180+1"]
[Date "2022.12.07"]
[WhiteClock "0:01:40"]
[BlackClock "0:00:52"]

1. d4 Nf6 2. c4 g6 3. Nc3 Bg7 4. e4 d6 5. Be2 O-O 6. Bg5 c5 7. d5 e6 8. Qd2 exd5 9. exd5 Re8 10. Nf3 Bg4 11. O-O Bxf3 12. Bxf3 Nbd7 13. h3 a6 14. a4 Qa5 15. Qc2 Qb4 16. a5 b5 17. axb6 Nxb6 18. Be2 Nxc4 19. Bxc4 Qxc4 20. Ra4 Qxf1+ 21. Kxf1 Nd7 22. Bf4 Ne5 23. Ne4 Red8 24. Bg5 Rdb8 25. Nf6+ Kh8 26. f4 h6 27. Bh4 g5 28. Qh7# 1-0


[Site "https://www.chess.com"]

[Event "Titled Tuesday Blitz December 06 Late 2022"]
[White "Fernandez De La Vara, Arnaldo"]
[Black "Kovacevic, Radmila"]
[WhiteFideId "3518388"]
[BlackFideId "933171"]
[WhiteElo "2387"]
[BlackElo "2244"]
[Result "1-0"]
[Round "05"]
[TimeControl "180+1"]
[Date "2022.12.07"]
[WhiteClock "0:00:36"]
[BlackClock "0:00:13"]

1. e4 e5 2. Nf3 f5 3. d3 Nc6 4. Nc3 Nf6 5. a3 d5 6. exd5 Nxd5 7. Bd2 Be7 8. g3 O-O 9. Bg2 Nxc3 10. Bxc3 Bf6 11. O-O Qd6 12. Re1 Be6 13. Qe2 Bd5 14. Nxe5 Bxg2 15. Kxg2 f4 16. Nc4 Qd5+ 17. Qe4 f3+ 18. Kh1 Qh5 19. Ne3 Bxc3 20. bxc3 Qh3 21. Qg4 Qh6 22. Nf5 Qf6 23. Nd4 Ne5 24. Qe6+ Qxe6 25. Nxe6 Rf5 26. h3 h5 27. Nd4 Rg5 28. h4 Ng4 29. hxg5 Nxf2+ 30. Kg1 Nh3+ 31. Kh2 Nxg5 32. Re5 Nf7 33. Rxh5 f2 34. Rf1 g6 35. Rc5 b6 36. Rxc7 Ne5 37. Rxf2 Ng4+ 38. Kg2 Nxf2 39. Kxf2 a5 40. Ne6 Rf8+ 41. Nxf8 Kxf8 42. Rc6 a4 43. Rxb6 Kf7 44. c4 Kg7 45. c5 Kh6 46. c6 Kg5 47. c7 Kg4 48. c8=Q+ Kh5 49. Qh8+ Kg5 50. Qh4+ Kf5 51. Qf4# 1-0


[Site "https://www.chess.com"]

[Event "Titled Tuesday Blitz December 06 Late 2022"]
[White "Ferreira, Vitor Hugo Vieira"]
[Black "Szyszylo, Rafal"]
[WhiteFideId "2119765"]
[BlackFideId "1109626"]
[WhiteElo "2146"]
[BlackElo "1981"]
[Result "1/2-1/2"]
[Round "05"]
[TimeControl "180+1"]
[Date "2022.12.07"]
[WhiteClock "0:00:13"]
[BlackClock "0:00:13"]

1. e4 d6 2. d4 Nf6 3. Nc3 g6 4. f3 c6 5. Be3 b5 6. Qd2 Qa5 7. Bd3 Nbd7 8. Nge2 Nb6 9. O-O Bg7 10. Bh6 O-O 11. Bxg7 Kxg7 12. a3 Nc4 13. Qc1 e5 14. b3 Nb6 15. b4 Qa6 16. a4 exd4 17. axb5 Qb7 18. bxc6 Qxc6 19. Nb5 Qb7 20. Nxd6 Qd7 21. e5 Nfd5 22. Nxd4 Nxb4 23. Qb2 Nxd3 24. cxd3 Kg8 25. Ne4 Nd5 26. Ra5 f5 27. e6 Qb7 28. Qa2 Ne7 29. Nc5 Qb4 30. Nc6 Nxc6 31. e7+ Kg7 32. exf8=Q+ Kxf8 33. Qa1 Qxa5 34. Qf6+ Kg8 35. d4 Nxd4 36. Qxd4 Qb6 37. Qd5+ Kg7 38. Qxa8 Qxc5+ 39. Kh1 Ba6 40. Ra1 Qd4 41. Rc1 Bc4 42. Rg1 a6 43. h3 h5 44. Qc8 h4 45. Rc1 Bb5 46. Qc3 Qxc3 47. Rxc3 Kf6 48. Ra3 Ke5 49. g3 hxg3 50. Kg2 f4 51. h4 Kf5 52. Ra1 g5 53. Rc1 gxh4 54. Kh3 Ke5 55. Kxh4 Kd4 56. Kg4 Ke3 57. Rc3+ Kf2 58. Kxf4 g2 59. Rc2+ Kf1 60. Rc1+ Kf2 61. Rc2+ Be2 62. Rc1 Bf1 63. Rc2+ Be2 64. Rc1 g1=Q 65. Rxg1 Kxg1 66. Ke3 Bxf3 67. Kxf3 a5 68. Ke3 a4 69. Kd3 a3 70. Kc2 a2 71. Kb2 a1=Q+ 72. Kxa1 1/2-1/2


[Site "https://www.chess.com"]